 Seeded DCSS version 0.25-a0-829-g4e6a552 (webtiles) character file.

Game seed: 7948501253545438165, levelgen mode: deterministic

164 Ayyar the Chiller (level 5, -4/28 HPs)
             Began as a Kobold Ice Elementalist on Apr 20, 2020.
             Slain by an orc warrior
             ... wielding a +0 dire flail
              (9 damage)
             ... on level 4 of the Dungeon.
             The game lasted 00:15:13 (3639 turns).

Ayyar the Chiller (Kobold Ice Elementalist)         Turns: 3639, Time: 00:15:14

Health: -4/28      AC:  2    Str:  6    XL:     5   Next: 73%
Magic:  6/9        EV: 16    Int: 17    God:
Gold:   187        SH:  0    Dex: 15    Spells: 2/10 levels left

rFire    . . .     SeeInvis .   g - +0 dagger
rCold    . . .     Gourm    .   (shield restricted)
rNeg     . . .     Faith    .   a - +0 robe
rPois    .         Spirit   .   (no helmet)
rElec    .         Reflect  .   (no cloak)
rCorr    .         Harm     .   (no gloves)
MR       .....                  (no boots)
Stlth    +++.......             (no amulet)
HPRegen  0.09/turn              (no ring)
MPRegen  0.11/turn              (no ring)

@: frozen ramparts
A: small, carnivore
a: no special abilities


You were on level 4 of the Dungeon.
You were completely stuffed.

You visited 1 branch of the dungeon, and saw 4 of its levels.

You collected 187 gold pieces.

Inventory:

Hand Weapons
 g - a +0 dagger (weapon)
Armour
 a - a +0 robe (worn)
Scrolls
 b - 8 scrolls of identify {unknown}
 f - a scroll of remove curse {unknown}
 h - a scroll of magic mapping {unknown}
 l - 3 scrolls of enchant armour {unknown}
 n - a scroll of enchant weapon {unknown}
 o - a scroll of teleportation {unknown}
 q - a scroll of random uselessness {unknown}
 r - a scroll of blinking {unknown}
Potions
 d - 2 potions of might {unknown}
 e - 2 potions of lignification {unknown}
 i - 2 potions of haste {unknown}
 j - 3 potions of curing {unknown}
 k - a potion of brilliance {unknown}
 m - a potion of berserk rage {unknown}
 s - a potion of stabbing {unknown}
Comestibles
 c - 4 rations
 p - a chunk of flesh


   Skills:
 + Level 3.7 Dodging
 + Level 4.4 Stealth
 + Level 3.1 Spellcasting
 + Level 1.3 Summonings
 + Level 4.6 Ice Magic


You had 2 spell levels left.
You knew the following spells:

 Your Spells              Type           Power        Failure   Level  Hunger
a - Freeze                Ice            ###.         2%          1    None
b - Summon Ice Beast      Ice/Summ       ##......     45%         4    ####...
c - Frozen Ramparts       Ice            ###...       8%          3    ###....

Your spell library contained the following spells:

 Spells                   Type           Power        Failure   Level  Hunger
 Ozocubu's Armour         Chrm/Ice       ##......     21%         3    ###....
 Hailstorm                Conj/Ice       ##......     54%         4    ####...


Dungeon Overview and Level Annotations

Branches:
Dungeon (4/15)
 Temple: D:4-7

Altars:
Nemelex Xobeh
Uskayaw


Innate Abilities, Weirdness & Mutations

You are small and have problems with some larger weapons.
You are carnivorous and can eat meat at any time.


Message History

The walls around you are covered in ice.
The wall freezes the orc warrior.
The wall freezes the orc warrior.
The wall freezes the orc warrior.
The wall freezes the orc warrior. x2
Casting: Frozen Ramparts (mildly dangerous; 8% risk of failure)
Confirm with . or Enter, or press ? or * to list all spells.
Aiming: Freeze (safe; 2% risk of failure)
Press: ? - help, Shift-Dir - straight line, f - orc warrior
Aim: an orc warrior, wielding a +0 dire flail and wearing a +0 chain mail (moderately wounded)
You freeze the orc warrior.
The orc warrior is heavily wounded.
The wall freezes the orc warrior.
The orc warrior hits you with a +0 dire flail!!
Ouch! That really hurt!
* * * LOW HITPOINT WARNING * * *
The wall freezes the orc warrior.
The wall freezes the orc warrior.
The orc warrior hits you with a +0 dire flail!
You die...

# #............##.# #
######'####.#####.##.#
# #...........# #.##.#
# #...........# #.##.#
# #...........# #.##.#
#####...........#
#....#
...##...........#
######
...##...........###
...'.....>......@.#
...##########.#.#o#
...# #......#.#.# ...#
#......#.#.# ...#
#......#.#.#######
...##
#......#.#.......#
....#
######.#.######o##
....# #.#.. ....#
#.#.#


You could see an orc warrior.

Vanquished Creatures
  2 worker ants (D:4)
  6 adders
  An ooze (D:3)
  4 worms
  2 leopard geckos
  2 orcs
  A ball python (D:3)
  2 giant cockroaches
  4 goblins
  3 hobgoblins
  6 kobolds
  4 quokkas
  2 bats
  5 frilled lizards
  7 rats
51 creatures vanquished.

Notes
Turn   | Place    | Note
-------+----------+-------------------------------------------
     0 | D:1      | Ayyar the Kobold Ice Elementalist began the quest for the
                  | Orb.
     0 | D:1      | Reached XP level 1. HP: 10/10 MP: 3/3
    67 | D:1      | Found a sparkling altar of Nemelex Xobeh.
   611 | D:1      | Reached XP level 2. HP: 15/15 MP: 3/5
   612 | D:1      | Upgraded the game from 0.25-a0-820-g0199dc3 to
                  | 0.25-a0-829-g4e6a552
  1236 | D:2      | Reached XP level 3. HP: 19/19 MP: 4/6
  1666 | D:2      | Found a hide-covered altar of Uskayaw.
  1667 | D:2      | Noticed a +0 dagger
  1668 | D:2      | Noticed a +0 hand axe
  1759 | D:2      | Reached XP level 4. HP: 20/24 MP: 3/8
  1806 | D:2      | Learned a level 4 spell: Summon Ice Beast
  1810 | D:2      | Learned a level 3 spell: Frozen Ramparts
  2926 | D:3      | Reached XP level 5. HP: 25/28 MP: 6/9
  3239 | D:4      | Reached skill level 1 in Summonings
  3629 | D:4      | Noticed an orc warrior
  3639 | D:4      | Slain by an orc warrior

Levels and vault maps discovered:
D:1:      enne_arrival_octagon_isle, layout_basic, nemelex_diamond_rough_becter
D:2:      layout_basic, dancing_weapons_uskayaw
D:3:      layout_basic, serial_forest, infiniplex_forest_end_2,
          infiniplex_forest_fountain, infiniplex_forest_clump_long,
          infiniplex_forest_diagonal, infiniplex_forest_clump_medium,
          infiniplex_forest_lined_room_2
D:4:      layout_basic, serial_shops, nicolae_shop_crystal,
          minmay_fractal_squares_gapless_5

Skill      XL: |  1  2  3  4  5 |
---------------+----------------+-----
Stealth        | 3 4 |  4.4
Dodging        | 3 |  3.7
Spellcasting   | 3 |  3.1
Summonings     | 1 |  1.3
Ice Magic      | |  4.6

Action                   |  1- 3 |  4- 6 || total
-------------------------+-------+-------++-------
Melee: Unarmed           |     2 |       ||     2
       Dagger            |     1 |     6 ||     7
 Cast: Freeze            |    32 |    50 ||    82
       Frozen Ramparts   |       |     7 ||     7
 Stab: Sleeping          |     1 |     3 ||     4
  Eat: Chunk             |    11 |     7 ||    18
Armor: Robe              |     7 |     2 ||     9
Dodge: Dodged            |    23 |    27 ||    50

Table legend:
 A = Non-vault XP
 B = Vault XP
 C = Vault XP percentage of total XP
 D = Non-vault monster count
 E = Vault monster count
 F = Vault count percentage of total count
                 A         B        C        D         E       F
            +---------+---------+-------+---------+---------+-------
      Total |     235 |       0 |   0.0 |      51 |       0 |   0.0
            +---------+---------+-------+---------+---------+-------
        D:1 |      13 |       0 |   0.0 |       7 |       0 |   0.0
        D:2 |      58 |       0 |   0.0 |      13 |       0 |   0.0
        D:3 |      69 |       0 |   0.0 |      26 |       0 |   0.0
        D:4 |      95 |       0 |   0.0 |       5 |       0 |   0.0
            +---------+---------+-------+---------+---------+-------
